 Dungeon Crawl Stone Soup version 0.19-a0-570-g8ae9a92 (webtiles) character file.

1528 IamBaum the Covert (level 8, -5/40 HPs)
             Began as a Spriggan Assassin on June 8, 2016.
             Killed by the capriciousness of Xom (27 damage)
             ... on level 6 of the Dungeon.
             The game lasted 00:52:18 (7068 turns).

IamBaum the Covert (Spriggan Assassin)              Turns: 7068, Time: 00:52:18

Health: -5/40      AC:  2    Str: 11    XL:     8   Next: 55%
Magic:  18/18      EV: 31    Int: 13    God:    Xom [.....*]
Gold:   108        SH:  0    Dex: 24    Spells: 0 memorised, 7 levels left

rFire  . . .     SeeInvis +     (weapon currently unavailable)
rCold  . . .     Gourm    .     (armour currently unavailable)
rNeg   . . .     Faith    .     (shield currently unavailable)
rPois  x         Spirit   .     (helmet currently unavailable)
rElec  .         Dismiss  .     (cloak currently unavailable)
rCorr  .         Reflect  .     (gloves unavailable)
SustAt +         Harm     .     (boots unavailable)
MR     +....                    (no amulet)
Stlth  +++++++...               G - ring of sustain attributes
                                k - ring of magical power

@: spider-form, somewhat resistant to hostile enchantments, extremely stealthy
A: unfitting armour, (hooves 0), (slimy green scales 0), see invisible,
(deformed body), herbivore 3, (speed 0), slow metabolism 2, strong 2, wild magic
1, MP-powered wands
a: Renounce Religion


You were on level 6 of the Dungeon.
You worshipped Xom.
You were a BORING thing.
You were not hungry.
You were a venomous arachnid creature.
You visited 1 branch of the dungeon, and saw 6 of its levels.

You collected 278 gold pieces.
You spent 170 gold pieces at shops.

Inventory:

Hand Weapons
 a - a +2 dagger
 b - a +0 blowgun
 E - a +3 dagger (melded)
Missiles
 e - 7 poisoned needles
 f - 2 curare-tipped needles
 h - 13 sling bullets
 l - 7 bolts
Armour
 c - a +0 robe (melded)
 t - a +0 cloak (melded)
 J - a +4 plate armour
Jewellery
 k - a ring of magical power (left front leg)
 B - an uncursed ring of wizardry
 F - an uncursed ring of ice
 G - a ring of sustain attributes (right front leg)
Wands
 d - a wand of slowing (21/48)
 n - a wand of slowing (26/48)
 v - a wand of digging (9/24)
Scrolls
 p - a scroll of amnesia
 r - a scroll of magic mapping
 s - a scroll of teleportation
 u - 2 scrolls of identify
 y - 2 scrolls of remove curse
 D - a scroll of fear {unknown}
Potions
 j - 4 potions of curing
 m - 2 potions of might
 o - 2 potions of berserk rage
 q - 3 potions of flight
 w - a potion of heal wounds {unknown}
 x - a potion of agility {unknown}
 z - a potion of lignification {unknown}
 A - 2 potions of brilliance {unknown}
 H - 2 potions of magic {unknown}
 I - 2 potions of cancellation {unknown}
Comestibles
 g - a bread ration
 i - 2 royal jellies
 C - a slice of pizza


   Skills:
 + Level 3.1 Fighting
 + Level 4.8 Short Blades
 + Level 2.8 Throwing
 + Level 8.7 Dodging
 + Level 11.8 Stealth


You had 7 spell levels left.
You didn't know any spells.

Dungeon Overview and Level Annotations

Branches:
Dungeon (6/15)
 Temple: D:4-7

Altars:
Elyvilon
Nemelex Xobeh
Pakellas
Qazlal
Ru
Trog
Xom
The Shining One

Shops:
D:5 !}}


Innate Abilities, Weirdness & Mutations

You are tiny and cannot use many weapons and most armour.
You have supernaturally acute eyesight. (SInv)
You are a herbivore.
((You cover ground extremely quickly.))
You need consume almost no food.
((You have large cloven feet.))
((You are partially covered in slimy green scales. (AC +2)))
((Armour fits poorly on your strangely shaped body.))
Your muscles are very strong. (Str +4)
Your spells are a little harder to cast, but a little more powerful.
You expend magic power (3 MP) to strengthen your wands.


Message History

You hit the phantom.
The phantom is lightly damaged.
The phantom hits you!
The phantom blinks!
The giant frog zombie hits you.
You hit the giant frog zombie.
Xom is getting BORED.
The giant frog zombie completely misses you.
The giant frog zombie completely misses you. x2
The giant frog zombie completely misses you.
Okay, then.
The giant frog zombie completely misses you.
The phantom blinks!
The giant frog zombie completely misses you.
There is an open door here.
The giant frog zombie misses you.
There is an open door here.
You are now a BORING thing.
Xom notices you.
You are caught in a fiery explosion!
The explosion engulfs you!
Ouch! That really hurt!
You die...
Xom chortles!

#>.........W............
#.###.####.#......#.....
#.###.####.#.####.#F####
#...................
#####.####.#.W..#.#.#
####'## #.######.#.#
#.....# #........# #
#######.....####.....###
............'Z.s........
##........####.#.####
#........# #.#.#
#.......## #.# #########
#.# #.# #.# ###.# #...#


You could see a giant frog zombie.

Vanquished Creatures
  A moth of wrath (D:4)
  An ogre (D:4)
  2 centaurs (D:5)
  Blork the orc (D:5)
  A giant frog (D:6)
  Dowan (D:5)
  2 scorpions
  A jelly (D:6)
  An orc priest (D:3)
  2 centaur skeletons
  An orc wizard (D:3)
  A hell rat (D:5)
  3 iguanas
  2 worker ants
  A worker ant zombie (D:5)
  2 gnolls
  A howler monkey skeleton (D:4)
  10 adders
  2 oozes
  2 adder skeletons
  5 worms
  2 dart slugs
  3 giant geckos
  11 orcs
  3 ball pythons
  8 bats
  2 giant cockroaches
  6 goblins
  8 hobgoblins
  4 jackals (D:2)
  5 quokkas
  A giant cockroach zombie (D:5)
  6 giant newts
  6 kobolds
  9 rats
117 creatures vanquished.

Vanquished Creatures (collateral kills)
  Eustachio (D:5)
1 creature vanquished.

Grand Total: 118 creatures vanquished

Notes
Turn   | Place    | Note
--------------------------------------------------------------
     0 | D:1      | IamBaum the Spriggan Assassin began the quest for the Orb.
     0 | D:1      | Reached XP level 1. HP: 10/10 MP: 2/2
    72 | D:1      | Reached skill level 6 in Stealth
   130 | D:1      | Reached XP level 2. HP: 7/14 MP: 3/3
   989 | D:2      | Reached XP level 3. HP: 18/18 MP: 4/4
  1389 | D:2      | Found a shimmering altar of Xom.
  1402 | D:2      | Became a worshipper of Xom of Chaos
  1776 | D:2      | Reached XP level 4. HP: 23/23 MP: 5/5
  2013 | D:3      | Reached skill level 7 in Stealth
  2083 | D:3      | XOM: silly message
  2192 | D:3      | XOM: harmless Pois miscast
  2229 | D:3      | XOM: silly message
  2376 | D:3      | Found a glowing golden altar of the Shining One.
  2549 | D:3      | XOM: harmless Tloc miscast
  2777 | D:3      | XOM: confuse monster(s)
  2793 | D:3      | Reached XP level 5. HP: 16/26 MP: 6/6
  3031 | D:3      | Found a shimmering altar of Xom.
  3032 | D:3      | Found a sacrificial altar of Ru.
  3224 | D:3      | Found a sparkling altar of Nemelex Xobeh.
  3247 | D:3      | Found a white marble altar of Elyvilon.
  3348 | D:3      | XOM is BORED!
  3348 | D:3      | XOM: mild Hex miscast
  3520 | D:3      | XOM: harmless Air miscast
  3579 | D:4      | XOM: stealth player
  3711 | D:4      | Reached skill level 8 in Stealth
  3785 | D:4      | Reached XP level 6. HP: 28/30 MP: 7/7
  3870 | D:4      | Noticed a moth of wrath
  3873 | D:4      | Found a bloodstained altar of Trog.
  3906 | D:4      | XOM: swap monsters
  3911 | D:4      | XOM: enchant monster (bad)
  3912 | D:4      | XOM: confuse monster(s)
  3932 | D:4      | Killed a moth of wrath
  3932 | D:4      | Reached skill level 5 in Dodging
  3932 | D:4      | Reached skill level 10 in Stealth
  3932 | D:4      | Reached XP level 7. HP: 20/35 MP: 8/8
  4004 | D:4      | XOM: severe Summ miscast
  4005 | D:4      | Noticed a ynoxinul
  4005 | D:4      | Noticed an ice devil
  4537 | D:4      | XOM: give mutations
  4537 | D:4      | Gained mutation: You expend magic power (3 MP) to strengthen your wands. [Xom's mischief]
  4537 | D:4      | Gained mutation: Armour fits poorly on your strangely shaped body. [Xom's mischief]
  4556 | D:4      | XOM: give mutations
  4556 | D:4      | Gained mutation: Your muscles are strong. (Str +2) [Xom's grace]
  4556 | D:4      | Gained mutation: You have large cloven feet. [Xom's grace]
  4556 | D:4      | Gained mutation: You are partially covered in slimy green scales. (AC +2) [Xom's grace]
  4566 | D:4      | XOM: vitrification
  5155 | D:5      | XOM: noise
  5155 | D:5      | Entered Level 5 of the Dungeon
  5189 | D:5      | Found an oddly glowing altar of Pakellas.
  5189 | D:5      | Found Pakellas's Prime Provisions.
  5214 | D:5      | Found Qigeeddo's Distillery.
  5222 | D:5      | Bought a potion of curing for 30 gold pieces
  5222 | D:5      | Bought 2 potions of curing for 60 gold pieces
  5223 | D:5      | Noticed Eustachio
  5229 | D:5      | XOM: fog
  5231 | D:5      | Found Onadena's Gadget Shop.
  5239 | D:5      | Noticed Dowan
  5240 | D:5      | Noticed Duvessa
  5245 | D:5      | XOM: enchant monster (good)
  5289 | D:5      | Found a stormy altar of Qazlal.
  5300 | D:5      | Noticed Blork the orc
  5320 | D:5      | Killed Blork the orc
  5320 | D:5      | Reached skill level 11 in Stealth
  5401 | D:5      | XOM: give mutations
  5401 | D:5      | Gained mutation: Your muscles are very strong. (Str +4) [Xom's grace]
  5401 | D:5      | Gained mutation: Your spells are a little harder to cast, but a little more powerful. [Xom's grace]
  5416 | D:5      | XOM: summons 5 friendly demons
  5423 | D:5      | Killed Eustachio
  5423 | D:5      | Reached XP level 8. HP: 33/39 MP: 9/9
  5442 | D:5      | XOM: god gift: jade ring {god gift}
  5459 | D:5      | Noticed Duvessa
  5459 | D:5      | Duvessa changed into Duvessa the hell rat
  5459 | D:5      | XOM: polymorph Duvessa -> Duvessa the hell rat
  5601 | D:5      | XOM: 2-stop teleportation journey
  5673 | D:5      | XOM: cloud trail
  5841 | D:5      | Bought a potion of berserk rage for 50 gold pieces
  5841 | D:5      | Bought a potion of flight for 30 gold pieces
  5910 | D:5      | XOM: divination: detect items
  5999 | D:5      | XOM: smoke on damage
  6015 | D:5      | XOM: fog
  6133 | D:5      | XOM: god gift: runed plate armour {god gift}
  6534 | D:5      | XOM: potion effect (berserk rage)
  6537 | D:5      | Killed Duvessa the hell rat
  6541 | D:5      | Killed Dowan
  6783 | D:6      | XOM: divination: detect creatures
  6995 | D:6      | XOM: 2-stop teleportation journey
  7035 | D:6      | XOM: cast spell 'Spider Form'
  7068 | D:6      | XOM is BORED!
  7068 | D:6      | XOM: medium Fire miscast
  7068 | D:6      | Killed by the capriciousness of Xom

Vault maps used:
D:1:      dpeg_arrival_rooms_a
D:2:      serial_co_window_serial, co_window_paths_a, co_window_paths_a,
          co_window_corner_a, co_window_paths_b, co_window_cross_1,
          co_window_paths_b, co_window_paths_a, co_window_unsneaky_path_b,
          co_window_of_opportunity_b, co_window_corner_cb, co_window_4corner_b,
          glass_columns_a, first_bread, lemuel_tele_altar
D:3:      nicolae_tso_swordbearing_angel, old_standard_altar,
          lemuel_doored_altar, gammafunk_temple_overflow_pools
D:4:      tgw_trog
D:5:      nicolae_qazlal_general_emergency, johnstein_pakellas_shop,
          serial_shops, shop_statue, shop, uniq_duvessa, uniq_blork_the_orc,
          uniq_eustachio
D:6:      temple_statues, serial_shops, nicolae_shop_crystal,
          portal_sewer_entry_e, uniq_prince_ribbit1

Skill      XL: |  1  2  3  4  5  6  7  8 |
---------------+-------------------------+-----
Stealth        | 6 7 8 10 11 | 11.8
Dodging        | 2 3 4 5 6 8 |  8.7
Fighting       | 2 3 |  3.1
Short Blades   | 3 4 |  4.8
Throwing       | |  2.8

Action                   |  1- 3 |  4- 6 |  7- 9 || total
-------------------------+-------+-------+-------++-------
Melee: Dagger            |    95 |   174 |   227 ||   496
       Blowgun           |     1 |       |       ||     1
       Kick              |       |       |    45 ||    45
       Unarmed           |       |       |    13 ||    13
 Fire: Blowgun           |    23 |       |       ||    23
Evoke: Wand              |       |       |     2 ||     2
  Use: Scroll            |     3 |       |     4 ||     7
       Potion            |     3 |       |     1 ||     4
 Stab: Sleeping          |    13 |    19 |     6 ||    38
       Confused          |       |     4 |       ||     4
       Distracted        |       |       |     2 ||     2
  Eat: Bread ration      |       |     1 |       ||     1
Armor: Robe              |    17 |     8 |    11 ||    36
       Skin              |       |       |     1 ||     1
Dodge: Dodged            |    92 |    87 |   183 ||   362
